 Dungeon Crawl Stone Soup version 0.30.0-29-ga12c61a403 (webtiles) character file.

Game seed: 8512748436542774864

27411 booth the Cleaver (level 13, -9/112 HPs)
             Began as a Gnoll Reaver on June 1, 2023.
             Was a Priest of Ashenzari.
             Mangled by a skeletal warrior
             ... wielding a +0 halberd
              (15 damage)
             ... on level 12 of the Dungeon on June 3, 2023.
             The game lasted 02:39:32 (19840 turns).

booth the Cleaver (Gnoll Reaver)                   Turns: 19840, Time: 02:39:32

Health: -9/112     AC: 14    Str: 13    XL:     13   Next: 32%
Magic:  26/26      EV: 16    Int: 15    God:    Ashenzari [***...]
Gold:   412        SH: 11    Dex: 12    Spells: 0/31 levels left

rFire   + . .        c - +0 war axe (heavy)
rCold   + . .        X - +0 buckler
rNeg    . . .        G - +2 leather armour {rF+}
rPois   +            Z - +0 helmet
rElec   .            M - +1 cloak of the All-seeing Sky {Fort, Cun} (curse)
rCorr   +            J - +0 pair of gloves "Sidereal Anxiety" {Alch, Fort} (curse)
SInv    +            V - +1 pair of boots "Ensconced Secrets" {Elem, Bglg} (curse)
Will    +....        j - amulet "Oracle of Ashenzari" {Reflect SH+5, Bglg, Cun} (curse)
Stlth   ++++         R - ring "Astral Regret" {rC+ Will+ rCorr Dex+2 SInv, Bglg, Comp} (curse)
HPRegen 0.38/turn    w - ring of poison resistance
MPRegen 0.20/turn

%: reflection, clarity
@: lethally poisoned (-9 -> -12), about to teleport
A: fangs 1, strong nose, distributed training, passive freeze, robust 1, weak 1,
subdued magic 1
a: Renounce Religion, Shatter the Chains


You were on level 12 of the Dungeon.
You worshipped Ashenzari.
Ashenzari was most pleased with you.
You visited 2 branches of the dungeon, and saw 13 of its levels.
You also visited: Sewer.

You collected 611 gold pieces.
You spent 199 gold pieces at shops.

Inventory:

Hand Weapons
 a - a +2 spectral hand axe
 b - the +3 whip "Ucurrol" {freeze, rF+ Str-3 Dex+2 SInv}
   (You found it on level 5 of the Dungeon)

   Str:       It affects your strength (-3).
   Dex:       It affects your dexterity (+2).
   rF:        It protects you from fire.
   SInv:      It lets you see invisible.
 c - a +0 heavy war axe (weapon)
 p - a +1 mace of holy wrath
 E - a +1 flail of protection
Missiles
 f - 11 boomerangs
 h - 17 javelins
 l - 11 curare-tipped darts
 y - 2 silver boomerangs
 z - 62 poisoned darts (quivered)
 K - a throwing net
 Q - 6 atropa-tipped darts
Armour
 t - the +3 plate armour of Xom's Whim {Str+2}
   (You found it on level 4 of the Dungeon)

   Str:       It affects your strength (+2).
 x - a +2 robe of cold resistance
 G - a +2 leather armour of fire resistance (worn)
 J - the cursed +0 pair of gloves "Sidereal Anxiety" (worn) {Alch, Fort}
   (You found it on level 8 of the Dungeon)

   It has a curse which improves the following skills: Alchemy: Poison Magic and
   Transmutations.
   Fortitude: Armour and Shields.
 M - the cursed +1 cloak of the All-seeing Sky (worn) {Fort, Cun}
   (You found it on level 7 of the Dungeon)

   It has a curse which improves the following skills: Fortitude: Armour and
   Shields.
   Cunning:   Dodging and Stealth.
 V - the cursed +1 pair of boots "Ensconced Secrets" (worn) {Elem, Bglg}
   (You found it on level 10 of the Dungeon)

   It has a curse which improves the following skills: Elements: Fire Magic, Ice
   Magic, Air Magic and Earth Magic.
   Beguiling: Conjurations, Hexes and Translocations.
 X - a +0 buckler (worn)
 Z - a +0 helmet (worn)
Jewellery
 j - the cursed amulet "Oracle of Ashenzari" (around neck) {Reflect SH+5, Bglg, Cun}
   (You found it on level 3 of the Dungeon)

   [amulet of reflection]

   It reflects blocked missile attacks.
   SH:        It affects your SH (+5).
   It has a curse which improves the following skills: Beguiling: Conjurations,
   Hexes and Translocations.
   Cunning:   Dodging and Stealth.
 n - a ring of magical power
 w - a ring of poison resistance (right hand)
 L - the amulet "Qexepram" {Acrobat Drain Str+3 Dex+2}
   (You acquired it on level 6 of the Dungeon)

   [amulet of the acrobat]

   It increases your evasion while moving and waiting.
   Str:       It affects your strength (+3).
   Dex:       It affects your dexterity (+2).
   Drain:     It drains your maximum health when unequipped.
 P - a +5 ring of evasion
 R - the cursed ring "Astral Regret" (left hand) {rC+ Will+ rCorr Dex+2 SInv, Bglg, Comp}
   (You acquired it on level 8 of the Dungeon)

   [ring of resist corrosion]

   Dex:       It affects your dexterity (+2).
   rC:        It protects you from cold.
   SInv:      It lets you see invisible.
   rCorr:     It protects you from acid and corrosion.
   Will:      It increases your willpower.
   It has a curse which improves the following skills: Beguiling: Conjurations,
   Hexes and Translocations.
   Companions: Summonings and Necromancy.
 W - a +6 ring of strength
Wands
 A - a wand of digging (5)
 I - a wand of roots (24)
 T - a wand of polymorph (4)
 U - a wand of flame (8)
Scrolls
 d - 2 scrolls of summoning
 k - 4 scrolls of amnesia
 m - 2 scrolls of poison
 o - 5 scrolls of magic mapping
 q - 5 scrolls of fog
 u - a scroll of silence
 B - 2 scrolls of fear
 N - 2 scrolls of teleportation
 O - a scroll of blinking
 S - 3 scrolls of identify
Potions
 e - 2 potions of curing
 g - 3 potions of attraction
 i - a potion of cancellation
 r - a potion of flight
 C - a potion of invisibility
 D - 3 potions of might
 F - 3 potions of brilliance
 H - a potion of magic
 Y - a potion of lignification


   Skills:
 + Level 9.7 Fighting
 + Level 8.5 Short Blades
 + Level 8.5 Long Blades
 + Level 10.7 Axes
 + Level 8.5 Maces & Flails
 + Level 8.5 Polearms
 + Level 8.5 Staves
 + Level 8.5 Ranged Weapons
 + Level 8.5 Throwing
 + Level 8.5(10.8) Armour
 + Level 9.7(11.9) Dodging
 + Level 8.5(10.8) Stealth
 + Level 8.5(10.8) Shields
 + Level 8.5 Unarmed Combat
 + Level 9.9 Spellcasting
 + Level 9.0(12.0) Conjurations
 + Level 7.0(10.0) Hexes
 + Level 7.0(8.6) Summonings
 + Level 7.0(8.6) Necromancy
 + Level 7.0(10.0) Translocations
 + Level 7.0(8.6) Transmutations
 + Level 7.0(8.6) Fire Magic
 + Level 7.0(8.6) Ice Magic
 + Level 7.0(8.6) Air Magic
 + Level 7.0(8.6) Earth Magic
 + Level 7.0(8.6) Poison Magic
 + Level 9.3 Invocations
 + Level 8.5 Evocations


You couldn't memorise any spells.
You knew the following spells:

 Your Spells              Type           Power      Damage    Failure   Level
a - Kiss of Death         Conj/Necr      100%       2d13      1%          1
b - Momentum Strike       Conj/Tloc      62%        3d9       1%          2
c - Hailstorm             Conj/Ice       29%        3d8       1%          3
d - Stone Arrow           Conj/Erth      58%        3d10      1%          3
e - Foxfire               Conj/Fire      100%       2x1d9     1%          1
f - Searing Ray           Conj           66%        2d6       1%          2
g - Cigotuvi's Dreadful   Necr/Pois/Air  50%        N/A       1%          2
h - Passwall              Tmut/Erth      20%        N/A       1%          2
i - Manifold Assault      Tloc           29%        N/A       1%          4
j - Poisonous Vapours     Pois/Air       50%        N/A       1%          2
k - Mephitic Cloud        Conj/Pois/Air  28%        N/A       1%          3
l - Summon Guardian Gole  Hex/Summ       27%        N/A       1%          3
m - Ignite Poison         Fire/Tmut/Pois 25%        N/A       1%          3

Your spell library contained the following spells:

 Spells                   Type           Power      Damage    Failure   Level
 Apportation              Tloc           58%        N/A       1%          1
 Necrotise                Necr           100%       1d9       1%          1
 Sandblast                Erth           50%        2d12      1%          1
 Summon Small Mammal      Summ           100%       N/A       1%          1
 Scorch                   Fire           50%        2d7       1%          2
 Call Canine Familiar     Summ           25%        N/A       1%          3
 Dazzling Flash           Conj/Hex       62%        N/A       1%          3
 Freezing Cloud           Conj/Ice/Air   14%        6-21      6%          5
 Blade Hands              Tmut           12%        N/A       10%         5
 Dispersal                Tloc           14%        N/A       30%         6
 Plasma Beam              Fire/Air       12%        2x1d26    50%         6
 Disjunction              Tloc           14%        N/A       100%        8


Dungeon Overview and Level Annotations

Branches:
Dungeon (12/15)            Temple (1/1) D:4            Lair (0/5) D:8
    Orc (0/2) D:9           Sewer (visited)

Altars:
Ashenzari
Cheibriados
Dithmenos
Elyvilon
Fedhas
Gozag
Hepliaklqana
Kikubaaqudgha
Makhleb
Nemelex Xobeh
Okawaru
Qazlal
Ru
Sif Muna
Trog
Uskayaw
Vehumet
Wu Jian
Xom
Yredelemnul
Zin
The Shining One

Shops:
D:2 (=   D:3 ?   D:4 !   D:5 ?   D:9 *[

Annotations:
D:10 4 runed translucent doors
D:11 exclusions: oklob plant and oklob sapling


Innate Abilities, Weirdness & Mutations

You have very sharp teeth.
Your uncanny sense of smell can sniff out nearby items.
Your experience applies equally to all skills.
A frigid envelope surrounds you and freezes all who hurt you.
You are robust. (+10% HP)
You are weak. (Str -2)
Your spells are a little easier to cast, but a little less powerful.


Message History

The skeletal warrior is severely damaged.
The skeletal warrior hits you with a +2 halberd of freezing.
The skeletal warrior resists.
The skeletal warrior is very cold.
The skeletal warrior is severely damaged.
You block the skeletal warrior's attack.
The skeletal warrior hits you from afar with a +2 halberd of venom!
You are poisoned.
You slash the skeletal warrior!
You bite the skeletal warrior, but do no damage.
The skeletal warrior is severely damaged.
You feel very sick.
The skeletal warrior hits you with a +2 halberd of freezing!
* * * LOW HITPOINT WARNING * * *
The skeletal warrior freezes you.
* * * LOW HITPOINT WARNING * * *
The skeletal warrior resists.
The skeletal warrior is very cold.
The skeletal warrior is severely damaged.
You block the skeletal warrior's attack. x2
The skeletal warrior hits you but does no damage.
The skeletal warrior resists.
The skeletal warrior is very cold.
The skeletal warrior is almost destroyed.
The skeletal warrior barely misses you.
You block the skeletal warrior's attack.
As you read the scroll of teleportation, it crumbles to dust.
You feel strangely unstable.
You feel very sick.
You block the skeletal warrior's attack.
The skeletal warrior closely misses you.
The skeletal warrior hits you but does no damage.
You hit the skeletal warrior.
The skeletal warrior is almost destroyed.
You feel very sick.
The skeletal warrior hits you with a +2 halberd of freezing!
* * * LOW HITPOINT WARNING * * *
The skeletal warrior freezes you.
* * * LOW HITPOINT WARNING * * *
The skeletal warrior resists.
The skeletal warrior is very cold.
The skeletal warrior is almost destroyed.
The skeletal warrior hits you from afar with a +0 halberd!
You die...

.........##......,,, , #...#....
..>.......#...... * #...#....
#########.#,∆...# #...##.[. ♣♣♣♣♣
#.#####.#########.).##.). ♣♣.PP♣♣
#.#.......).#..##...##... ......♣
#.#.###.###.#...'...+....
..(..P♣♣#.#,#.zz#......##...#..†.
.(.....♣#.# #.#.....#..##...#†###
.......♣#.#...#.@z..#..##...#.#
.♣♣.PP.♣#.###*#..####..######.#
♣♣♣♣♣♣♣♣#.# #........######.# #.#
##.......#......# #.#
#####...#.###### #.# #.#.#.# #.#
#.#.#.# #.##########.#(..#
#.....##.....#####


You could see 3 skeletal warriors.

Vanquished Creatures
  A hydra (D:10)
  Erolcha (D:10)
  2 centaur warriors
  6 two-headed ogres
  2 skeletal warriors
  A deep troll (shapeshifter) (D:10)
  Pikel (D:4)
  2 ugly things
  An orc knight (D:10)
  2 cyclopes
  3 manticores (D:11)
  3 gargoyles
  A kobold demonologist (D:9)
  3 unseen horrors
  An unseen horror zombie (D:8)
  2 komodo dragons (D:8)
  A hornet (D:9)
  7 trolls
  Grinder (D:4)
  2 shadows (D:9)
  2 wraiths
  5 wyverns
  13 yaks
  Grum (D:11)
  2 steam dragons
  Menkaure (D:6)
  4 water moccasins
  4 acid dragons
  3 black bears
  4 orc warriors
  An ice beast (D:6)
  A boggart (D:10)
  5 ogres
  3 wolves (D:11)
  2 phantoms
  9 centaurs
  11 kobold brigands
  2 bullfrogs (D:8)
  2 gnoll sergeants (D:10)
  A wyvern zombie (D:8)
  3 scorpions (D:5)
  10 wights
  A troll zombie (D:9)
  14 killer bees
  9 howler monkeys
  2 centaur zombies (D:8)
  2 hounds
  7 jellies
  6 orc priests
  3 sleepcaps
  7 iguanas
  12 orc wizards
  2 killer bee zombies (D:8)
  7 ogre zombies (D:9)
  A howler monkey zombie (D:8)
  7 gnolls
  7 adders
  3 river rats (Sewer)
  2 white imps
  3 worms
  4 dart slugs
  40 orcs
  20 ball pythons
  9 endoplasms
  3 giant cockroaches
  7 hobgoblins
  4 jackals
  43 kobolds
  4 quokkas
  A bat (D:1)
  2 frilled lizards (D:1)
  8 goblins
  3 goblin skeletons (D:9)
  2 goblin zombies (D:9)
  A hobgoblin skeleton (D:9)
  3 hobgoblin zombies (D:9)
  3 orc skeletons (D:9)
  13 orc zombies (D:9)
  15 rats
412 creatures vanquished.

Vanquished Creatures (others)
  3 yaks (D:10)
  An orc warrior (D:10)
  An orc (D:9)
  32 foxfires
37 creatures vanquished.

Grand Total: 449 creatures vanquished

Notes
Turn   | Place    | Note
-------+----------+-------------------------------------------
     0 | D:1      | booth the Gnoll Reaver began the quest for the Orb.
     0 | D:1      | Reached XP level 1. HP: 20/20 MP: 6/6
   171 | D:1      | Reached XP level 2. HP: 25/26 MP: 7/7
   177 | D:1      | Learned a level 2 spell: Momentum Strike
   682 | D:1      | Reached skill level 5 in Spellcasting
   682 | D:1      | Reached XP level 3. HP: 29/31 MP: 7/9
   686 | D:1      | Learned a level 3 spell: Hailstorm
   723 | D:1      | Found a faded altar of an unknown god.
   963 | D:1      | Reached skill level 1 in Invocations
  1057 | D:1      | Gained mutation: A frigid envelope surrounds you and
                  | freezes all who hurt you. [potion of mutation]
  1057 | D:1      | Gained mutation: Your spells are a little easier to cast,
                  | but a little less powerful. [potion of mutation]
  1057 | D:1      | Gained mutation: You are robust. (+10% HP) [potion of
                  | mutation]
  1095 | D:2      | Found Nuro's Jewellery Boutique.
  1333 | D:2      | Found Sivuff's Antique Weapon Emporium.
  1393 | D:2      | Reached skill level 1 in Short Blades
  1393 | D:2      | Reached skill level 1 in Long Blades
  1393 | D:2      | Reached skill level 1 in Maces & Flails
  1393 | D:2      | Reached skill level 1 in Polearms
  1393 | D:2      | Reached skill level 1 in Staves
  1393 | D:2      | Reached skill level 1 in Ranged Weapons
  1393 | D:2      | Reached skill level 1 in Throwing
  1393 | D:2      | Reached skill level 1 in Armour
  1393 | D:2      | Reached skill level 1 in Stealth
  1393 | D:2      | Reached skill level 1 in Shields
  1393 | D:2      | Reached skill level 1 in Unarmed Combat
  1393 | D:2      | Reached skill level 1 in Evocations
  1756 | D:2      | Learned a level 3 spell: Stone Arrow
  1866 | D:2      | Reached XP level 4. HP: 41/41 MP: 11/11
  2324 | D:3      | Found a hazy altar of Hepliaklqana.
  2324 | D:3      | Found a sparkling altar of Nemelex Xobeh.
  2326 | D:3      | Found an ancient bone altar of Kikubaaqudgha.
  2326 | D:3      | Found a shimmering blue altar of Sif Muna.
  2328 | D:3      | Found a glowing golden altar of the Shining One.
  2328 | D:3      | Found an opulent altar of Gozag.
  2416 | D:3      | Reached skill level 1 in Hexes
  2416 | D:3      | Reached skill level 1 in Summonings
  2416 | D:3      | Reached skill level 1 in Necromancy
  2416 | D:3      | Reached skill level 1 in Translocations
  2416 | D:3      | Reached skill level 1 in Transmutations
  2416 | D:3      | Reached skill level 1 in Fire Magic
  2416 | D:3      | Reached skill level 1 in Ice Magic
  2416 | D:3      | Reached skill level 1 in Air Magic
  2416 | D:3      | Reached skill level 1 in Earth Magic
  2416 | D:3      | Reached skill level 1 in Poison Magic
  2536 | D:3      | Reached XP level 5. HP: 45/47 MP: 12/12
  2586 | D:3      | Found Muycwen's Magic Scroll Shoppe.
  2594 | D:3      | Bought a scroll of identify for 24 gold pieces
  2594 | D:3      | Bought a scroll of identify for 24 gold pieces
  2594 | D:3      | Bought a scroll of identify for 24 gold pieces
  3019 | D:4      | Noticed an ogre
  3028 | D:4      | Killed an ogre
  3029 | D:4      | Reached skill level 5 in Fighting
  3029 | D:4      | Reached skill level 5 in Dodging
  3029 | D:4      | Reached XP level 6. HP: 56/56 MP: 14/14
  3257 | D:4      | Found a staircase to the Ecumenical Temple.
  3285 | Temple   | Entered the Ecumenical Temple
  3461 | Temple   | Became a worshipper of Ashenzari the Shackled
  3485 | D:4      | Identified the +3 plate armour of Xom's Whim {Str+2}
  3525 | D:4      | Found a shimmering altar of Xom.
  3588 | D:4      | Noticed Pikel
  3601 | D:4      | Killed Pikel
  3602 | D:4      | Reached skill level 7 in Axes
  3602 | D:4      | Reached XP level 7. HP: 42/61 MP: 15/15
  3602 | D:4      | Reached XP level 8. HP: 47/69 MP: 16/16
  3765 | D:4      | Found Hasmet's Distillery.
  3769 | D:4      | Bought a potion of heal wounds for 60 gold pieces
  3790 | D:4      | Noticed Grinder
  3809 | D:4      | Killed Grinder
  4019 | D:5      | Entered Level 5 of the Dungeon
  4278 | D:5      | Found a glowing drain.
  4287 | Sewer    | Entered a sewer
  5088 | D:5      | Reached XP level 9. HP: 64/78 MP: 19/19
  5283 | D:5      | Reached * piety under Ashenzari
  5446 | D:5      | Found Joham's Magic Scroll Boutique.
  5859 | D:5      | Found an ornate altar of the Wu Jian Council.
  5867 | D:5      | Identified the +3 whip "Ucurrol" {freeze, rF+ Str-3 Dex+2
                  | SInv}
  6412 | D:6      | Noticed Menkaure
  6421 | D:6      | Killed Menkaure
  6440 | D:6      | Reached ** piety under Ashenzari
  6496 | D:6      | Reached skill level 8 in Axes
  6831 | D:6      | Reached skill level 5 in Invocations
  7100 | D:6      | Found a blossoming altar of Fedhas.
  7239 | D:6      | Upgraded the game from 0.30.0-19-g36f170ea60 to
                  | 0.30.0-20-g3b4254fcbd
  7296 | D:6      | Identified a scroll of acquirement
  7309 | D:6      | Acquired the amulet "Qexepram" {Acrobat Drain Str+3 Dex+2}
  7493 | D:7      | Identified the Enchiridion on Battle Magic
  7516 | D:7      | Learned a level 1 spell: Foxfire
  7519 | D:7      | Learned a level 2 spell: Searing Ray
  7522 | D:7      | Learned a level 2 spell: Cigotuvi's Dreadful Rot
  7525 | D:7      | Learned a level 2 spell: Passwall
  7851 | D:7      | Reached skill level 5 in Short Blades
  7851 | D:7      | Reached skill level 5 in Long Blades
  7851 | D:7      | Reached skill level 5 in Maces & Flails
  7851 | D:7      | Reached skill level 5 in Polearms
  7851 | D:7      | Reached skill level 5 in Staves
  7851 | D:7      | Reached skill level 5 in Ranged Weapons
  7851 | D:7      | Reached skill level 5 in Throwing
  7851 | D:7      | Reached skill level 5 in Armour
  7851 | D:7      | Reached skill level 5 in Stealth
  7851 | D:7      | Reached skill level 5 in Shields
  7851 | D:7      | Reached skill level 5 in Unarmed Combat
  7851 | D:7      | Reached skill level 5 in Evocations
  7851 | D:7      | Reached XP level 10. HP: 77/88 MP: 22/22
  8835 | D:7      | Learned a level 4 spell: Manifold Assault
  9018 | D:7      | Learned a level 2 spell: Poisonous Vapours
  9022 | D:7      | Learned a level 3 spell: Mephitic Cloud
  9671 | D:8      | Noticed a two-headed ogre
  9701 | D:8      | Killed a two-headed ogre
  9819 | D:8      | Noticed a two-headed ogre
  9833 | D:8      | HP: 4/86 [two-headed ogre/+0 giant spiked club (15)]
  9835 | D:8      | Killed a two-headed ogre
  9836 | D:8      | Reached skill level 9 in Axes
  9836 | D:8      | Reached skill level 5 in Hexes
  9836 | D:8      | Reached skill level 5 in Summonings
  9836 | D:8      | Reached skill level 5 in Necromancy
  9836 | D:8      | Reached skill level 5 in Translocations
  9836 | D:8      | Reached skill level 5 in Transmutations
  9836 | D:8      | Reached skill level 5 in Fire Magic
  9836 | D:8      | Reached skill level 5 in Ice Magic
  9836 | D:8      | Reached skill level 5 in Air Magic
  9836 | D:8      | Reached skill level 5 in Earth Magic
  9836 | D:8      | Reached skill level 5 in Poison Magic
  9836 | D:8      | Reached XP level 11. HP: 5/95 MP: 19/24
 10529 | D:8      | Learned a level 3 spell: Summon Guardian Golem
 10649 | D:8      | Found a staircase to the Lair.
 10855 | D:8      | Reached *** piety under Ashenzari
 10993 | D:8      | Acquired the ring of Yddoruy {rC+ Will+ rCorr Dex+2 SInv}
 11353 | D:9      | Found Rocaw's Demolitions Depot.
 11675 | D:9      | Found a staircase to the Orcish Mines.
 12467 | D:9      | Found Affixkel's Armour Boutique.
 12470 | D:9      | Bought a +0 pair of boots for 67 gold pieces
 12833 | D:10     | Entered Level 10 of the Dungeon
 12833 | D:10     | Noticed a two-headed ogre
 13157 | D:10     | Found an iron altar of Okawaru.
 13339 | D:10     | Found a large runed translucent door.
 13340 | D:10     | Noticed a manticore
 13342 | D:10     | Found a large runed translucent door.
 13344 | D:10     | Identified the +2 broad axe of the Volcano {antimagic,
                  | rF++}
 13351 | D:10     | Found a large runed translucent door.
 13351 | D:10     | Found a large runed translucent door.
 13549 | D:10     | Killed a two-headed ogre
 13615 | D:10     | Noticed an orc knight
 13628 | D:10     | Noticed a four-headed hydra
 13630 | D:10     | Noticed a green ugly thing
 13634 | D:10     | Killed an orc knight
 13635 | D:10     | Noticed a centaur warrior
 13639 | D:10     | Killed a four-headed hydra
 13654 | D:10     | Killed a green ugly thing
 13658 | D:10     | Killed a centaur warrior
 13659 | D:10     | Reached XP level 12. HP: 39/101 MP: 24/26
 13962 | D:10     | Noticed Erolcha
 13975 | D:10     | Killed Erolcha
 15155 | D:10     | Reached skill level 10 in Axes
 15705 | D:10     | Noticed a two-headed ogre
 15842 | D:10     | Noticed a two-headed ogre
 15864 | D:10     | Killed a two-headed ogre
 15932 | D:10     | Gained mutation: You are weak. (Str -2) [a shining eye]
 16081 | D:10     | Identified Ferghut's Codex of Reshaped Arson
 16091 | D:10     | Learned a level 3 spell: Ignite Poison
 16237 | D:10     | Reached **** piety under Ashenzari
 16491 | D:11     | Upgraded the game from 0.30.0-20-g3b4254fcbd to
                  | 0.30.0-29-ga12c61a403
 17160 | D:11     | Noticed a centaur warrior
 17214 | D:11     | Noticed Grum
 17243 | D:11     | Killed Grum
 17265 | D:11     | Killed a centaur warrior
 17496 | D:11     | Reached XP level 13. HP: 114/116 MP: 28/28
 19840 | D:12     | Mangled by a skeletal warrior

Illustrated notes

Levels and vault maps discovered:
D:1:      dpeg_arrival_houses_and_road, layout_basic,
          hellmonk_ecumenical_altar_crossroads, kennysheep_small_spiral,
          minmay_rat_gold_closets
D:2:      layout_basic, serial_shops, shop, nicolae_shop_pleasant_corner_grove
D:3:      layout_rooms, grunt_temple_overflow_open, serial_shops, shop,
          minivault_25
D:4:      layout_loops_ring, overflow_temple_1_default,
          minmay_temple_entry_mist, serial_shops, shop, minmay_unequal,
          uniq_grinder, uniq_pikel
D:5:      layout_layer_cave, nicolae_wu_jian_glorious_leap, serial_shops, shop,
          portal_sewer_entry_d
D:6:      layout_basic, fedhas_ov_isle_minmay, lexackson_kobold_supper,
          uniq_menkaure
D:7:      layout_loops_ring, minmay_joined_circles
D:8:      layout_basic, grunt_lair_entry_orc_guard_hut, serial_undead,
          serial_undead_f, serial_undead_b, serial_undead_e, serial_undead_e,
          serial_undead_a, serial_undead_c, serial_park_tiny_1,
          nicolae_fountain_basement
D:9:      layout_stronghold, zombieorc2_lemuel, serial_shops,
          kennysheep_mini_moat, nicolae_blasting_shop
D:10:     minmay_bloctagon, layout_loops_ring,
          mainiacjoe_overflow_small_starburst, serial_rivers,
          chequers_serial_rivers_large_b, chequers_serial_rivers_micro_b,
          chequers_serial_rivers_small_b, chequers_serial_rivers_marsh,
          chequers_serial_rivers_small_a, minmay_hollow_rounded_squares,
          uniq_erolcha
D:11:     layout_gridville, introduction_to_nature_1, uniq_grum
D:12:     layout_basic, nicolae_zen_rock_garden, st_stairs_5,
          minmay_misc_feat_more_columns
Temple:   hellmonk_temple_flake

Skill      XL: |  1  2  3  4  5  6  7  8  9 10 11 12 13 |
---------------+----------------------------------------+-----
Spellcasting   | 5 6 7 8 9 |  9.9
Invocations    | 1 2 3 4 5 6 7 8 9 |  9.3
Short Blades   | 1 3 5 6 7 8 |  8.5
Long Blades    | 1 3 5 6 7 8 |  8.5
Maces & Flails | 1 3 5 6 7 8 |  8.5
Polearms       | 1 3 5 6 7 8 |  8.5
Staves         | 1 3 5 6 7 8 |  8.5
Ranged Weapons | 1 3 5 6 7 8 |  8.5
Throwing       | 1 3 5 6 7 8 |  8.5
Armour         | 1 3 5 6 7 8 |  8.5
Stealth        | 1 3 5 6 7 8 |  8.5
Shields        | 1 3 5 6 7 8 |  8.5
Unarmed Combat | 1 3 5 6 7 8 |  8.5
Evocations     | 1 3 5 6 7 8 |  8.5
Hexes          | 1 2 3 4 5 6 7 |  7.0
Summonings     | 1 2 3 4 5 6 7 |  7.0
Necromancy     | 1 2 3 4 5 6 7 |  7.0
Translocations | 1 2 3 4 5 6 7 |  7.0
Transmutations | 1 2 3 4 5 6 7 |  7.0
Fire Magic     | 1 2 3 4 5 6 7 |  7.0
Ice Magic      | 1 2 3 4 5 6 7 |  7.0
Air Magic      | 1 2 3 4 5 6 7 |  7.0
Earth Magic    | 1 2 3 4 5 6 7 |  7.0
Poison Magic   | 1 2 3 4 5 6 7 |  7.0
Fighting       | 5 6 7 8 9 |  9.7
Dodging        | 5 6 7 8 9 |  9.7
Axes           | 7 8 9 10 | 10.7
Conjurations   | 6 7 8 9 |  9.0

Action                     |  1- 3 |  4- 6 |  7- 9 | 10-12 | 13-15 || total
---------------------------+-------+-------+-------+-------+-------++-------
  Melee: Hand axe          |    98 |    75 |   119 |   192 |   111 ||   595
         Bite              |     8 |     6 |    44 |   119 |    40 ||   217
         Punch             |     3 |     1 |    10 |    24 |       ||    38
         Whip              |       |       |   155 |    95 |       ||   250
         Mace              |       |       |       |   160 |    58 ||   218
         Flail             |       |       |       |   276 |       ||   276
         Unarmed           |       |       |       |    50 |       ||    50
         War axe           |       |       |       |     7 |     8 ||    15
  Throw: Javelin           |       |     4 |       |     6 |       ||    10
         Dart              |       |       |     8 |    11 |       ||    19
   Cast: Kiss of Death     |       |       |       |     3 |       ||     3
         Cigotuvi's Dreadf |       |       |       |     2 |       ||     2
         Searing Ray       |       |       |       |     5 |       ||     5
         Manifold Assault  |       |       |       |     2 |     1 ||     3
         Foxfire           |       |       |       |    22 |       ||    22
         Poisonous Vapours |       |       |       |     8 |     1 ||     9
         Summon Guardian G |       |       |       |     3 |       ||     3
         Passwall          |       |       |       |     1 |       ||     1
         Hailstorm         |       |       |       |     1 |       ||     1
         Momentum Strike   |       |       |       |     1 |       ||     1
 Invoke: Curse Item        |       |       |     3 |     4 |       ||     7
         Shatter the Chain |       |       |       |     1 |     1 ||     2
  Evoke: Wand              |       |       |       |     1 |       ||     1
    Use: Scroll            |     4 |    10 |     4 |     4 |     1 ||    23
         Potion            |     1 |     2 |     4 |     6 |     2 ||    15
   Stab: Sleeping          |     1 |       |     1 |     3 |     2 ||     7
         Distracted        |       |       |       |     4 |     3 ||     7
 Armour: Leather armour    |    22 |    11 |    25 |   161 |    37 ||   256
         Robe              |       |       |    28 |    64 |       ||    92
  Dodge: Dodged            |    44 |    16 |   127 |   468 |    88 ||   743
  Block: Other             |       |     6 |    50 |   108 |       ||   164
         Reflection        |       |     1 |     7 |    13 |     1 ||    22
         Buckler           |       |       |       |   127 |    93 ||   220
